 Dungeon Crawl Stone Soup version 0.28-a0-667-g162e43154e (webtiles) character file.

Game seed: 10634128836281729695

6 Gargoyl the Skirmisher (level 1, 23/23 HPs)
             Began as a Gnoll Abyssal Knight on Oct 17, 2021.
             Was a Follower of Lugonu.
             Quit the game on level 1 of the Dungeon.
             The game lasted 00:00:39 (377 turns).

Gargoyl the Skirmisher (Gnoll Abyssal Knight)        Turns: 377, Time: 00:00:40

Health: 23/23      AC:  3    Str: 10    XL:     1   Next: 90%
Magic:  3/3        EV: 12    Int:  9    God:    Lugonu [*.....]
Gold:   7          SH:  0    Dex: 12    Spells: 0/0 levels left

rFire   . . .      SeeInvis .   a - +1 hand axe
rCold   . . .      Faith    .   (no shield)
rNeg    . . .      Spirit   .   b - +0 leather armour
rPois   .          Reflect  .   (no helmet)
rElec   .          Harm     .   (no cloak)
rCorr   .          Rampage  .   (no gloves)
Will    +....                   (no boots)
Stlth   +.........              (no amulet)
HPRegen 0.07/turn               (no ring)
MPRegen 0.08/turn               (no ring)

@: no status effects
A: fangs 1, strong nose, distributed training, low mp 1, strong-willed 1, weak
1, inability to read while threatened
a: Renounce Religion, Depart the Abyss


You were on level 1 of the Dungeon.
You worshipped Lugonu.
Lugonu was aware of your devotion.
You visited 1 branch of the dungeon, and saw 1 of its levels.
You visited the Abyss 1 time.

You collected 7 gold pieces.

Inventory:

Hand Weapons
 a - a +1 hand axe (weapon)
Armour
 b - a +0 leather armour (worn)
Scrolls
 c - a scroll of teleportation {unknown}


   Skills:
 + Level 6.4 Fighting
 + Level 0.2 Short Blades
 + Level 0.2 Long Blades
 + Level 4.4 Axes
 + Level 0.2 Maces & Flails
 + Level 0.2 Polearms
 + Level 0.2 Staves
 + Level 0.2 Slings
 + Level 0.2 Bows
 + Level 0.2 Crossbows
 + Level 0.2 Throwing
 + Level 4.4 Armour
 + Level 2.4 Dodging
 + Level 0.2 Stealth
 + Level 0.2 Shields
 + Level 0.2 Unarmed Combat
 + Level 0.2 Spellcasting
 + Level 0.1 Conjurations
 + Level 0.1 Hexes
 + Level 0.1 Summonings
 + Level 0.1 Necromancy
 + Level 0.1 Translocations
 + Level 0.1 Transmutations
 + Level 0.1 Fire Magic
 + Level 0.1 Ice Magic
 + Level 0.1 Air Magic
 + Level 0.1 Earth Magic
 + Level 0.1 Poison Magic
 + Level 4.4 Invocations
 + Level 0.2 Evocations


You couldn't memorise any spells.
You didn't know any spells.
Your spell library contained the following spells:

 Spells                   Type           Power      Damage    Failure   Level
 Ignite Poison            Fire/Tmut/Pois 0%         N/A       83%         3
 Mephitic Cloud           Conj/Pois/Air  0%         N/A       83%         3
 Freezing Cloud           Conj/Ice/Air   0%         6-21      100%        5


Dungeon Overview and Level Annotations

Branches:
Dungeon (1/15)

Altars:


Innate Abilities, Weirdness & Mutations

You have very sharp teeth.
Your uncanny sense of smell can sniff out nearby items.
Your experience applies equally to all skills.
Your magical capacity is low. (-10% MP)
You are strong-willed. (Will+)
You are weak. (Str -2)
You sometimes lose the ability to read scrolls when taking damage.


Message History

You slash the quokka!
You kill the quokka!
Lugonu accepts your kill.
You feel a genetic drift.
You lose the ability to read scrolls when threatened.
A kobold comes into view. It is wielding a +0 whip.
The kobold shouts!
You hear a shout!
You see here a scroll labelled KOESTR HEUWOSA.
The kobold misses you.
You closely miss the kobold. The kobold hits you with a +0 whip.
The kobold barely misses you.
You hit the kobold.
You kill the kobold!
Lugonu accepts your kill.
You can now depart the Abyss.
A hobgoblin comes into view.
Unknown command.
Things that are here:
a +0 whip; 5 stones Unknown command.
You closely miss the hobgoblin. The hobgoblin barely misses you.
You barely miss the hobgoblin. The hobgoblin completely misses you.
The hobgoblin misses you.
You hit the hobgoblin. Your bite misses the hobgoblin.
The hobgoblin is lightly wounded.
The hobgoblin hits you but does no damage.
You hit the hobgoblin.
The hobgoblin is heavily wounded.
The hobgoblin hits you.
You hit the hobgoblin.
You kill the hobgoblin!
Lugonu accepts your kill.
You see here a hobgoblin corpse.
Found a dagger.
You feel a genetic drift.
You feel less energetic.
You no longer feel a malignance within.
You see here a hobgoblin corpse.
Things that are here:
a +0 whip; 5 stones
c - a scroll labelled KOESTR HEUWOSA Are you sure you want to abandon this character and quit the game? (Confirm with "yes".)

.. ..#
...#.##.####
∆∆
..)........#
#.# # #. #†#
#. #.# #.
#)# #. #.#
#.###@##.#
##........#
#.#....####
#..####
####...##
+.......#
####...##
#..## #.##


There were no monsters in sight!

Vanquished Creatures
  A goblin (D:1)
  2 hobgoblins (D:1)
  A quokka (D:1)
  A kobold (D:1)
5 creatures vanquished.

Notes
Turn   | Place    | Note
-------+----------+-------------------------------------------
     0 | Abyss:1  | Gargoyl the Gnoll Abyssal Knight began the quest for the
                  | Orb.
     0 | Abyss:1  | Reached XP level 1. HP: 23/23 MP: 3/3
    89 | Abyss:1  | Noticed a spatial maelstrom
    90 | Abyss:1  | Gained mutation: You have hidden genetic defects. [potion
                  | of mutation]
    90 | Abyss:1  | Gained mutation: You are strong-willed. (Will+) [potion of
                  | mutation]
    91 | D:1      | Escaped the Abyss
   120 | D:1      | Gained mutation: You are weak. (Str -2) [hidden defects]
   221 | D:1      | Gained mutation: You have terrible hidden genetic defects.
                  | [hidden defects]
   221 | D:1      | Lost mutation: You have terrible hidden genetic defects.
                  | [hidden defects expressed]
   262 | D:1      | Gained mutation: You sometimes lose the ability to read
                  | scrolls when taking damage. [hidden defects]
   306 | D:1      | Reached * piety under Lugonu
   328 | D:1      | Gained mutation: Your magical capacity is low. (-10% MP)
                  | [hidden defects]
   328 | D:1      | Lost mutation: You have hidden genetic defects. [hidden
                  | defects expressed]
   377 | D:1      | Quit the game

Illustrated notes

Levels and vault maps discovered:
D:1:      dpeg_arrival_radiant, layout_loops_corners, minmay_ruptured

Action                   || total
-------------------------++-------
Melee: Hand axe          ||    18
Invok: Depart the Abyss  ||     1
  Use: Potion            ||     1
Armor: Leather armour    ||     2
Dodge: Dodged            ||    10

Table legend: (Time is in decaauts)
 A = Elapsed time spent in this place.
 B = Non-inter-level travel time spent in this place.
 C = Inter-level travel time spent in this place.
 D = Time resting spent in this place.
 E = Time spent auto-exploring this place.
 F = Levels seen in this place.
 G = Mean time per level.
                   A        B        C        D        E       F      G
               +--------+--------+--------+--------+--------+-----+--------+
         Total |    378 |    378 |      0 |      0 |    327 |   2 |  189.0 |
       Dungeon |    287 |    287 |      0 |      0 |    240 |   1 |  287.0 |
         Abyss |     91 |     91 |      0 |      0 |     87 |   1 |   91.0 |
               +--------+--------+--------+--------+--------+-----+--------+

Top non-repeatable levels by time:
     D:1: 287 daAuts
 Abyss:1: 91 daAuts
